Map: Mécanisation EC

Players

Sorandom - Winner!

  • Race: Zerg Zerg
  • League: Diamond
  • Spawn Location: 3:00

plopoulpe

  • Race: Terran Terran
  • League: Diamond
  • Spawn Location: 9:00

VOD

Have the link to the VOD?

Description

Time

  • Played on: April 4, 2019, 4:47 p.m.
  • Length: 5:41
Show
View Real Time Build Order
Export as new Build Order

Sorandom Zerg - Winner!

Build Orders: Hatch First, Zergling Baneling 

Get SALT Encoding   

  12  0:01  Drone  
  13  0:12  Overlord  
  13  0:18  Drone  
  14  0:31  Drone x2  
  14  0:34  Drone  
  17  0:55  Hatchery  
  16  1:08  Spawning Pool  
  16  1:10  Drone  
  16  1:15  Extractor  
  16  1:16  Drone  
  16  1:20  Drone  
  16  1:24  Drone  
  18  1:37  Overlord  
  19  1:47  Drone  
  19  1:56  Zergling x2  
  20  2:01  Queen  
  20  2:05  Zergling x2  
  20  2:08  Queen  
  23  2:14  Spine Crawler  
  24  2:16  Zergling x2  
  25  2:25  Baneling Nest  
  23  2:32  Zergling x2  
  23  2:33  Zergling x4  
  26  3:02  Zergling x12  
  31  3:09  Baneling  
  31  3:11  Drone x3  
  34  3:13  Metabolic Boost  
  34  3:19  Zergling x2  
  36  3:20  Zergling x2  
  36  3:24  Overlord  
  36  3:28  Baneling x2  
  36  3:30  Baneling  
  36  3:31  Baneling  
  36  3:38  Overlord  
  36  3:43  Drone  
  34  3:58  Zergling x2  
  34  3:59  Zergling x10  
  39  4:07  Baneling x4  
  39  4:10  Baneling  
  39  4:19  Drone x2  
  39  4:20  Drone x3  
  44  4:35  Zergling x6  
  43  4:42  Zergling x4  
  40  4:53  Zergling x12  
  40  4:56  Zergling x2  
  45  5:06  Zergling x4  
Show
View Real Time Build Order
Export as new Build Order

plopoulpe Terran 

Build Orders:  

Get SALT Encoding   

  12  0:10  Supply Depot  
  12  0:14  SCV  
  14  0:33  Barracks  
  14  0:35  SCV  
  14  0:47  SCV  
  15  1:03  SCV  
  16  1:05  Barracks  
  16  1:22  Marine  
  16  1:23  Orbital Command  
  17  1:40  Marine  
  18  1:52  SCV  
  19  1:54  Marine  
  19  1:58  Supply Depot  
  20  2:01  Bunker  
  20  2:02  Marine  
  20  2:05  SCV  
  22  2:12  Marine  
  23  2:20  Marine  
  24  2:32  Marine  
  22  2:48  Marine  
  22  2:50  Marine  
  23  2:58  Refinery  
  22  3:02  Command Center  
  21  3:05  Marine  
  21  3:08  SCV, Marine  
  23  3:13  Refinery  
  23  3:18  Command Center  
  23  3:21  SCV  
  23  3:24  Marine  
  25  3:31  Marine  
  25  3:33  SCV  
  27  3:40  Supply Depot  
  27  3:42  Marine  
  27  3:45  SCV  
  29  3:49  Marine  
  24  4:00  Marine  
  23  4:07  Marine  
  24  4:18  Marine  
  24  4:19  Factory  
  26  4:25  Marine  
  26  4:29  Orbital Command  
  26  4:36  Marine  
  23  4:43  Marine  
  21  4:54  Marine  
  14  5:00  Marine  
  12  5:07  Supply Depot  
  12  5:11  Marine  
  12  5:20  Marine  
Tags
 
Matchup
TvZ
Replay Pack
Pack 2
Spawn Locations
Cross Positions
Add a new tag
Caveats
  • Supply blocks, unpowered buildings, or Contaminate may cause inaccurate times.
  • Supply counts are checked every 10 seconds.